 Dungeon Crawl Stone Soup version 0.29-a0-775-g4d7333d4e2 (webtiles) character file.

Game seed: 7561934678538606765

4184 elite277 the Conjurer (level 10, -4/70 HPs)
             Began as a Human Conjurer on July 1, 2022.
             Was a Believer of Sif Muna.
             Killed from afar by Erica (31 damage)
             ... with a bolt of poison
             ... on level 8 of the Dungeon.
             The game lasted 00:59:23 (11202 turns).

elite277 the Conjurer (Human Conjurer)             Turns: 11202, Time: 00:59:31

Health: -4/70      AC: 10    Str: 10    XL:     10   Next: 53%
Magic:  15/21      EV: 12    Int: 20    God:    Sif Muna [**....]
Gold:   727        SH:  0    Dex: 12    Spells: 9/23 levels left

rFire   + . .      SeeInvis .   s - +4 short sword (venom)
rCold   . . .      Faith    .   (no shield)
rNeg    . . .      Spirit   .   i - +3 leather armour {Will+}
rPois   .          Reflect  .   (no helmet)
rElec   .          Harm     .   o - +1 cloak
rCorr   .          Rampage  .   (no gloves)
Will    +....                   m - +1 pair of boots {Fly}
Stlth   ++........              (no amulet)
HPRegen 0.21/turn               r - ring of flight
MPRegen 0.17/turn               n - ring of protection from fire

@: mighty, lethally poisoned (-4 -> -23), flying
A: no striking features
a: Renounce Religion, Channel Magic


You were on level 8 of the Dungeon.
You worshipped Sif Muna.
Sif Muna was pleased with you.
You visited 2 branches of the dungeon, and saw 10 of its levels.
You also visited: Bailey.

You collected 727 gold pieces.

Inventory:

Hand Weapons
 k - a +1 dagger of pain
 l - a +4 vorpal shortbow
 p - a +2 trident of flaming
 s - a +4 short sword of venom (weapon)
 x - a +0 flail of draining
 y - a +4 hand axe
 B - a +2 whip of flaming
 I - a +4 long sword
Missiles
 C - 2 curare-tipped darts
 D - 15 poisoned darts
Armour
 d - a scarf of shadows
 g - an orb of mayhem
 i - a +3 leather armour of willpower (worn)
 m - a +1 pair of boots of flying (worn)
 o - a +1 cloak (worn)
 G - the +0 leather armour "Ycolutal" {Str+2}
   (You found it on level 8 of the Dungeon)

   Str:       It affects your strength (+2).
 H - the +1 robe of Ifeuxozo {Rampage Int-2 Dex+6}
   (You found it on level 7 of the Dungeon)

   Int:       It affects your intelligence (-2).
   Dex:       It affects your dexterity (+6).
   Rampage:   It bestows one free step when moving towards enemies.
Jewellery
 n - a ring of protection from fire (right hand)
 r - a ring of flight (left hand)
Wands
 u - a wand of flame (11)
 K - a wand of light (4)
Scrolls
 f - 2 scrolls of acquirement {unknown}
 q - 5 scrolls of vulnerability
 v - 2 scrolls of teleportation
 E - a scroll of immolation
 J - a scroll of magic mapping {unknown}
Potions
 a - a potion of degeneration {unknown}
 b - 3 potions of magic
 c - a potion of heal wounds
 e - a potion of invisibility
 h - 7 potions of flight
 j - 2 potions of mutation {unknown}
 t - 2 potions of might
 w - a potion of ambrosia {unknown}
 z - 4 potions of curing
 A - a potion of attraction {unknown}
 F - a potion of cancellation {unknown}


   Skills:
 + Level 3.6 Fighting
 + Level 4.1 Short Blades
 + Level 3.0 Armour
 + Level 4.5 Dodging
 - Level 4.1 Stealth
 + Level 0.3 Unarmed Combat
 + Level 7.3 Spellcasting
 + Level 7.9 Conjurations
 + Level 3.1 Hexes
 + Level 3.3 Translocations
 + Level 2.6 Evocations


You had 9 spell levels left.
You knew the following spells:

 Your Spells              Type           Power      Damage    Failure   Level
a - Magic Dart            Conj           100%       1d8       1%          1
b - Searing Ray           Conj           78%        2d7       1%          2
c - Iskenderun's Mystic   Conj/Tloc      30%        2d8       12%         4
d - Fulminant Prism       Conj/Hex       14%        3d9       12%         4
e - Swiftness             Air            7%         N/A       34%         3

Your spell library contained the following spells:

 Spells                   Type           Power      Damage    Failure   Level
 Dazzling Flash           Conj/Hex       58%        N/A       3%          3
 Ensorcelled Hibernation  Hex/Ice        26%        N/A       10%         2
 Passwall                 Tmut/Erth      5%         N/A       19%         2
 Inner Flame              Hex/Fire       13%        N/A       19%         3
 Cause Fear               Hex            10%        N/A       32%         4
 Freezing Cloud           Conj/Ice/Air   9%         6-21      73%         5
 Simulacrum               Ice/Necr       3%         N/A       100%        6
 Discord                  Hex            10%        N/A       100%        8
 Polar Vortex             Ice            3%         N/A       100%        9


Dungeon Overview and Level Annotations

Branches:
Dungeon (9/15)             Temple (1/1) D:5          Bailey (visited)
   Lair: D:8-11         Orc: D:9-12

Altars:
Ashenzari
Cheibriados
Dithmenos
Elyvilon
Fedhas
Gozag
Hepliaklqana
Kikubaaqudgha
Makhleb
Nemelex Xobeh
Okawaru
Qazlal
Ru
Sif Muna
Trog
Uskayaw
Vehumet
Wu Jian
Xom
Yredelemnul
Zin
The Shining One

Shops:
D:3 *

Annotations:
D:6 Blork the orc, Sigmund
D:8 Erica


Message History

Confirm with . or Enter, or press ? or * to list all spells.
Aiming: Fulminant Prism (dangerous; 12% risk of failure)
Press: ? - help, Dir - move target You conjure a prism of explosive energy!
A fulminant prism comes into view.
You feel very sick.
Aiming: Magic Dart (safe; 1% risk of failure)
Press: ? - help, Q - select action, (/) - cycle Shift-Dir - straight line, f - you
Okay, then.
Throw: 17 darts (poison)
Press: ? - help, Shift-Dir - straight line You throw a poisoned dart.
You feel very sick.
Your fulminant prism crackles loudly.
Throw: 16 darts (poison)
Press: ? - help, Shift-Dir - straight line You throw a poisoned dart.
You feel sick.
Your fulminant prism explodes!
The blast of energy engulfs something!
Something hits you but does no damage.
You hear a shout!
You hear an angry hiss.
You feel sick. Something hits you! Something burns you.
You fly upwards.
Reactivating autopickup.
You feel very sick.
There is a stone staircase leading down here.
You feel much better.
You feel sick.
You hear some strange, mumbled words.
Deactivating autopickup; reactivate with Ctrl-A.
Something tries to affect you, but you resist.
You hit something.
You feel sick.
You feel very mighty all of a sudden.
You feel sick. Something hits you.
You miss something.
You feel sick. Something hits you.
You closely miss something. Something hits you! Something burns you.
You hit something.
You feel sick.
You are no longer poisoned.
You hear some strange, mumbled words.
A bolt of poison appears from out of thin air!
The bolt of poison hits you!!
You are poisoned.
You die...

.......#...#.......#
.........#.....>...#
.......#...........#
..................##
.......####.#.....####
........###[.........#
....###..............#
##..########...{.....#
................@....#
###.#..#####.#.......#
#....# #.#.......#
##...#####.#########
#####........#
..####....##.###
#..............#
######.........#
#####.....#


There were no monsters in sight!

Vanquished Creatures
  Pikel (D:7)
  Maurice (D:8)
  Eustachio (D:6)
  2 steam dragons (D:8)
  Menkaure (D:6)
  A water moccasin (D:8)
  An ice beast (D:7)
  10 orc warriors
  3 ogres
  A black bear (D:7)
  2 lemures (D:7)
  2 bullfrogs
  2 kobold brigands
  A necrophage (D:7)
  4 scorpions
  4 wights
  2 howler monkeys
  2 hounds
  An orc priest (D:8)
  3 jellies
  Jessica (D:3)
  Terence (D:3)
  2 iguanas (D:5)
  4 orc wizards
  3 adders
  A shadow imp (D:7)
  2 white imps
  An ufetubus (D:5)
  2 worms
  4 dart slugs
  25 orcs
  7 endoplasms
  3 giant cockroaches
  6 goblins
  3 hobgoblins
  10 jackals
  23 kobolds
  4 quokkas
  5 ball pythons
  2 bats
  4 rats
  A fulminant prism (D:7)
159 creatures vanquished.

Vanquished Creatures (collateral kills)
  2 orcs (Bailey)
  A kobold (Bailey)
3 creatures vanquished.

Vanquished Creatures (others)
  A kobold (Bailey)
  12 fulminant prisms
13 creatures vanquished.

Grand Total: 175 creatures vanquished

Notes
Turn   | Place    | Note
-------+----------+-------------------------------------------
     0 | D:1      | elite277 the Human Conjurer began the quest for the Orb.
     0 | D:1      | Reached XP level 1. HP: 13/13 MP: 3/3
   142 | D:1      | Reached XP level 2. HP: 6/19 MP: 0/5
   469 | D:1      | Learned a level 2 spell: Searing Ray
   888 | D:1      | Reached XP level 3. HP: 20/24 MP: 0/6
  1634 | D:2      | Found a faded altar of an unknown god.
  2075 | D:2      | Reached XP level 4. HP: 30/30 MP: 3/7
  3354 | D:3      | Found an opulent altar of Gozag.
  3354 | D:3      | Found Gozag's Platinum Reserve.
  3490 | D:3      | Reached skill level 5 in Conjurations
  3548 | D:3      | Found a basalt altar of Yredelemnul.
  3553 | D:3      | Found a burning altar of Makhleb.
  3573 | D:3      | Noticed Jessica
  3580 | D:3      | Killed Jessica
  3581 | D:3      | Reached XP level 5. HP: 35/35 MP: 3/8
  4002 | D:3      | Noticed Terence
  4007 | D:3      | Killed Terence
  4269 | D:3      | Learned a level 4 spell: Iskenderun's Mystic Blast
  4273 | D:4      | Found a glowing silver altar of Zin.
  4329 | D:4      | Reached skill level 1 in Short Blades
  4484 | D:4      | Reached XP level 6. HP: 41/41 MP: 9/9
  4826 | D:5      | Entered Level 5 of the Dungeon
  5350 | D:5      | Reached skill level 1 in Translocations
  5378 | D:5      | Found a staircase to the Ecumenical Temple.
  5506 | D:5      | Reached XP level 7. HP: 44/47 MP: 8/11
  5793 | D:5      | HP: 2/47 [ufetubus (6)]
  5933 | D:6      | Noticed Sigmund
  6216 | Temple   | Entered the Ecumenical Temple
  6619 | Temple   | Became a worshipper of Sif Muna the Loreminder
  6894 | D:6      | Noticed Menkaure
  6901 | D:6      | Killed Menkaure
  6902 | D:6      | Reached skill level 1 in Fighting
  6902 | D:6      | Reached XP level 8. HP: 54/54 MP: 8/13
  7327 | D:6      | Noticed Eustachio
  7348 | D:6      | Killed Eustachio
  7382 | D:6      | Noticed Blork the orc
  7441 | D:7      | Found a flagged portal.
  7450 | Bailey   | Entered a bailey
  7503 | Bailey   | Reached skill level 5 in Spellcasting
  7742 | Bailey   | Reached XP level 9. HP: 48/62 MP: 0/17
  7818 | Bailey   | Reached * piety under Sif Muna
  7832 | Bailey   | Reached skill level 1 in Evocations
  8290 | D:7      | Learned a level 4 spell: Fulminant Prism
  8597 | D:7      | Reached skill level 1 in Hexes
  8602 | D:7      | Reached skill level 1 in Armour
  9272 | D:7      | Noticed Pikel
  9296 | D:7      | Killed Pikel
  9297 | D:7      | Reached XP level 10. HP: 62/70 MP: 1/20
  9644 | D:7      | Identified the +1 robe of Ifeuxozo {Rampage Int-2 Dex+6}
 10012 | D:8      | Identified the +0 leather armour "Ycolutal" {Str+2}
 10379 | D:8      | Reached ** piety under Sif Muna
 10406 | D:8      | Noticed Maurice
 10560 | D:8      | Killed Maurice
 10565 | D:8      | Learned a level 3 spell: Swiftness
 11185 | D:9      | Noticed Erica
 11202 | D:8      | Killed from afar by Erica

Illustrated notes

Levels and vault maps discovered:
D:1:      minmay_arrival_checkered_box, layout_basic, kennysheep_another_room
D:2:      layout_loops_corners, shapermc_ecumenical_altar_gd,
          kennysheep_generic_room_4
D:3:      layout_basic, mainiacjoe_overflow_big_doors,
          nicolae_gozag_zags_fifth_avenue, uniq_jessica, uniq_terence
D:4:      layout_basic, zin_academy, serial_corexii_hall,
          corexii_hall_statues_l, chequers_hall_statues_corner_a,
          chequers_hall_statues_wall_a, corexii_hall_statues_i,
          chequers_hall_statues_y, chequers_hall_statues_corner_a
D:5:      layout_basic, minmay_temple_entry_ruins
D:6:      layout_cave_pools, uniq_eustachio, uniq_menkaure, uniq_blork_the_orc,
          uniq_sigmund
D:7:      hellmonk_ruined_rings, layout_basic, enter_bailey_8, uniq_pikel
D:8:      layout_rooms, uniq_maurice
D:9:      minmay_goldmine, layout_basic, david_lair_generic, minivault_22,
          uniq_erica
Temple:   hc_temple_tempest_star

Skill      XL: |  1  2  3  4  5  6  7  8  9 10 |
---------------+-------------------------------+-----
Conjurations   | 5 6 7 |  7.9
Stealth        | 3 4 |  4.1
Short Blades   | 1 2 3 4 |  4.1
Spellcasting   | 3 5 6 7 |  7.3
Translocations | 1 2 3 |  3.3
Dodging        | 3 4 |  4.5
Fighting       | 1 2 3 |  3.6
Evocations     | 2 |  2.6
Hexes          | 2 3 |  3.1
Armour         | 1 3 |  3.0
Unarmed Combat | |  0.3

Action                   |  1- 3 |  4- 6 |  7- 9 | 10-12 || total
-------------------------+-------+-------+-------+-------++-------
Melee: Unarmed           |     4 |       |       |       ||     4
       Dagger            |    20 |    64 |       |       ||    84
       Short sword       |       |    13 |    63 |    37 ||   113
       Punch             |       |     1 |       |     1 ||     2
Throw: Dart              |       |       |       |     4 ||     4
 Cast: Magic Dart        |    30 |    46 |    95 |    15 ||   186
       Searing Ray       |     5 |    11 |    32 |    12 ||    60
       Iskenderun's Myst |       |       |     3 |     2 ||     5
       Fulminant Prism   |       |       |     2 |    11 ||    13
Evoke: Wand              |       |       |    20 |     1 ||    21
  Use: Scroll            |       |     7 |     7 |     3 ||    17
       Potion            |       |       |     4 |     3 ||     7
 Stab: Sleeping          |     2 |     2 |       |       ||     4
Armor: Robe              |     2 |    16 |    14 |       ||    32
       Leather armour    |       |       |    14 |    19 ||    33
Dodge: Dodged            |    19 |    61 |    93 |    44 ||   217

Table legend: (Time is in decaauts)
 A = Elapsed time spent in this place.
 B = Non-inter-level travel time spent in this place.
 C = Inter-level travel time spent in this place.
 D = Time resting spent in this place.
 E = Time spent auto-exploring this place.
 F = Levels seen in this place.
 G = Mean time per level.
                   A        B        C        D        E       F      G
               +--------+--------+--------+--------+--------+-----+--------+
         Total |  11186 |  10780 |    406 |   3654 |   4289 |  11 | 1016.9 |
       Dungeon |   9991 |   9774 |    217 |   3352 |   4044 |   9 | 1110.1 |
        Temple |    415 |    226 |    189 |      0 |    207 |   1 |  415.0 |
        Bailey |    779 |    779 |      0 |    302 |     38 |   1 |  779.0 |
               +--------+--------+--------+--------+--------+-----+--------+

Top non-repeatable levels by time:
     D:7: 2205 daAuts
     D:5: 1653 daAuts
     D:1: 1618 daAuts
     D:2: 1517 daAuts
     D:3: 1131 daAuts
     D:8: 822 daAuts
  Bailey: 779 daAuts
     D:4: 555 daAuts
     D:6: 474 daAuts
  Temple: 415 daAuts
     D:9: 13 daAuts
